Map: Abyssal Reef LE

Players

Lewjcoolj

  • Race: Terran Terran
  • League: Diamond
  • Spawn Location: 11:00

Musumeci - Winner!

  • Race: Zerg Zerg
  • League: Diamond
  • Spawn Location: 5:00

VOD

Have the link to the VOD?

Description

Time

  • Played on: March 11, 2017, 5:09 a.m.
  • Length: 13:06
Show
View Real Time Build Order
Export as new Build Order

Lewjcoolj Terran 

Build Orders: Reaper Expand, Bio Tank 

Get SALT Encoding   

  12  0:01  SCV  
  13  0:13  SCV  
  14  0:17  Supply Depot  
  14  0:25  SCV  
  15  0:39  SCV  
  15  0:40  Barracks  
  16  0:50  Refinery  
  16  0:51  SCV  
  17  1:03  SCV  
  18  1:15  SCV  
  19  1:27  Orbital Command  
  19  1:33  Reaper  
  20  1:48  Command Center  
  20  1:55  SCV  
  21  2:02  Barracks  
  21  2:06  Refinery  
  21  2:10  SCV  
  22  2:19  Supply Depot  
  22  2:26  Barracks Reactor, SCV  
  23  2:37  Factory  
  23  2:41  SCV  
  24  2:49  Barracks Tech Lab  
  24  2:53  SCV  
  25  3:02  Marine  
  25  3:03  Marine  
  25  3:05  SCV  
  28  3:08  Stimpack  
  28  3:09  Marine  
  29  3:15  Orbital Command  
  29  3:25  Starport  
  29  3:32  Marine x2  
  31  3:34  SCV  
  31  3:37  Factory Reactor  
  32  3:42  Marine  
  32  3:45  SCV  
  34  3:49  Marine  
  34  3:55  Marine, Supply Depot  
  36  3:56  SCV  
  36  3:59  Marine  
  36  4:01  SCV  
  39  4:07  Marine  
  40  4:11  SCV  
  40  4:12  Marine  
  40  4:15  SCV  
  43  4:17  Marine  
  43  4:18  Supply Depot  
  43  4:23  SCV  
  45  4:25  Marine  
  45  4:27  SCV  
  45  4:29  Factory Tech Lab  
  45  4:30  Marine  
  48  4:35  Marine, Medivac x2  
  53  4:42  Supply Depot  
  53  4:43  SCV, Marine  
  53  4:44  Refinery  
  55  4:48  SCV, Marine  
  55  4:49  Engineering Bay  
  57  4:53  Marine  
  57  4:57  SCV  
  59  5:01  Marine  
  59  5:05  SCV  
  59  5:06  Marine  
  62  5:07  Supply Depot  
  62  5:11  Marine  
  63  5:18  Liberator  
  63  5:20  Marine  
  64  5:27  Combat Shields, Terran Infantry Weapons Level 1  
  64  5:28  Barracks  
  64  5:29  Barracks  
  64  5:30  Barracks, Marine, Supply Depot  
  68  5:43  Marine x2  
  70  5:52  Supply Depot  
  60  6:13  Siege Tank  
  60  6:14  SCV  
  60  6:15  SCV  
  60  6:18  Barracks Tech Lab x2  
  65  6:21  Medivac x2  
  65  6:23  Marine x3  
  73  6:27  SCV x2, Supply Depot  
  75  6:38  Marauder  
  75  6:39  Marauder x2  
  80  6:40  SCV x2  
  80  6:45  Siege Tank  
  85  6:52  SCV x2  
  87  6:55  Supply Depot  
  87  6:56  Medivac x2  
  91  7:04  SCV  
  92  7:11  Marine x2  
  92  7:12  Marine x2  
  92  7:13  Marauder x2  
  100  7:22  Terran Infantry Armor Level 1  
  100  7:24  Supply Depot  
  100  7:30  Marauder  
  100  7:31  Marine x2  
  100  7:32  Siege Tank  
  100  7:34  Marauder  
  109  7:45  Marauder  
  109  7:48  Concussive Shells  
  108  7:52  Supply Depot  
  108  7:55  Marauder, Marine x2  
  108  7:56  Marauder  
  114  8:04  Siege Tank  
  117  8:06  SCV  
  117  8:09  Supply Depot  
  118  8:14  Marauder, SCV  
  118  8:15  Supply Depot  
  118  8:16  Marauder  
  123  8:26  Marauder  
  122  8:36  Siege Tank  
  108  8:56  Marauder x3, Marine x3  
  108  8:58  Medivac  
  117  9:08  Siege Tank  
  111  9:17  Marauder  
  111  9:18  Marauder x2  
  111  9:20  SCV x2  
  119  9:30  Barracks  
  114  9:32  Barracks  
  114  9:35  Barracks  
  97  9:39  Marauder x3  
  71  9:55  Siege Tank  
  74  10:00  Marauder x2  
  74  10:01  Marauder  
  74  10:02  Marine  
  74  10:03  Marine x2  
  83  10:10  Armory, Medivac  
  85  10:18  Supply Depot, Engineering Bay  
  85  10:19  Marine x2  
  85  10:20  Marine x2  
  85  10:21  Marine x2  
  90  10:22  Marauder x2  
  96  10:29  Marine  
  96  10:36  Marine x2  
  96  10:38  Marine x3  
  96  10:39  Marine  
  96  10:41  Supply Depot  
  102  10:42  Marine  
  102  10:43  Marine  
  102  10:47  Marine  
  105  10:50  Siege Tank  
  105  10:54  Marine x2  
  105  10:56  Marine  
  111  10:58  Marauder  
  111  11:01  Marauder  
  111  11:02  Marine x3  
  118  11:05  Marine  
  119  11:12  Marine x2  
  119  11:14  Marine  
  121  11:18  Marine  
  121  11:20  Marine x3  
  99  11:48  Marine x2  
  99  11:49  Marauder, Marine x6  
  95  12:06  Marine x4  
  67  12:26  Marine x5  
  67  12:27  Marine  
  56  12:40  Marine x3  
  47  12:44  Marine x4  
Show
View Real Time Build Order
Export as new Build Order

Musumeci Zerg - Winner!

Build Orders: Hatch First 

Get SALT Encoding   

  12  0:03  Drone  
  13  0:08  Drone  
  14  0:16  Drone, Extractor  
  15  0:41  Hatchery  
  14  0:52  Extractor  
  14  0:53  Drone  
  15  1:08  Spawning Pool  
  15  1:09  Extractor  
  13  1:12  Drone  
  14  1:25  Drone, Extractor  
  16  1:45  Overlord  
  16  1:54  Drone  
  16  1:55  Drone x2  
  16  1:59  Drone  
  20  2:03  Queen x2  
  20  2:07  Drone x2  
  26  2:14  Extractor  
  26  2:15  Drone  
  26  2:20  Overlord  
  26  2:24  Extractor  
  26  2:25  Drone  
  26  2:28  Drone  
  28  2:39  Queen x2  
  32  2:45  Extractor  
  32  2:51  Drone x4  
  36  3:04  Hatchery  
  35  3:23  Extractor  
  35  3:24  Drone x2  
  35  3:25  Drone, Extractor, Roach Warren  
  35  3:28  Overlord  
  35  4:14  Evolution Chamber  
  34  4:17  Evolution Chamber  
  33  4:24  Roach  
  33  4:25  Roach x4  
  33  4:28  Drone  
  33  4:29  Drone x6, Extractor  
  33  4:30  Drone, Overlord x2  
  50  4:49  Drone x3  
  50  4:50  Overlord x2  
  50  4:52  Drone x3  
  56  5:03  Roach x4  
  56  5:04  Roach  
  66  5:20  Spore Crawler  
  66  5:21  Drone x5  
  67  5:22  Spore Crawler x3  
  67  5:27  Overlord  
  67  5:38  Lair  
  67  5:40  Drone x4  
  69  6:16  Drone x13  
  82  6:20  Overlord x5  
  82  6:29  Extractor  
  82  6:31  Zerg Ground Armor Level 1, Zerg Missile Weapons Level 1  
  81  6:33  Drone  
  81  6:38  Glial Reconstitution  
  81  6:39  Drone x2  
  84  6:41  Drone  
  84  6:43  Drone x2  
  84  6:44  Drone x3  
  84  6:46  Extractor, Ravager  
  91  6:47  Extractor, Ravager x2  
  91  6:48  Ravager x2  
  91  6:49  Ravager  
  94  7:01  Drone x3  
  97  7:02  Roach x5  
  99  7:31  Drone x3  
  99  7:32  Queen, Drone  
  102  7:55  Spore Crawler  
  102  7:56  Roach x10  
  121  8:08  Overlord  
  121  8:09  Overlord x5  
  121  8:16  Spine Crawler  
  121  8:18  Spine Crawler  
  121  8:19  Spore Crawler x2  
  117  8:29  Roach x6  
  129  8:36  Hatchery  
  129  8:39  Roach x2  
  119  8:41  Ravager x6  
  119  8:42  Ravager x2  
  122  8:52  Roach x5  
  122  8:53  Roach x5  
  138  9:03  Zerg Missile Weapons Level 2  
  138  9:11  Roach x6, Evolution Chamber  
  118  9:41  Roach x12  
  116  9:55  Roach x5  
  126  10:02  Ravager  
  126  10:03  Ravager x8  
  135  10:11  Drone x3  
  138  10:21  Zerg Ground Armor Level 2  
  138  10:23  Hatchery  
  135  10:57  Roach  
  135  10:58  Roach x16  
  143  11:48  Roach x12  
  143  11:49  Roach  
  130  12:28  Roach x6  
  130  12:29  Roach x8  
  149  12:42  Roach x3  
  147  12:47  Ravager x2  
  147  12:48  Ravager x14  
  159  12:56  Ravager  
Tags
 
Add a new tag
Caveats
  • Supply blocks, unpowered buildings, or Contaminate may cause inaccurate times.
  • Supply counts are checked every 10 seconds.